Map: 2000 Atmospheres LE

Players

AqueroN

  • Race: Terran Terran

Serral - Winner!

  • Race: Zerg Zerg

Event: DreamHack SC2 Masters 2021 Winter

VOD

Have the link to the VOD?

Description

Time

  • Played on: Oct. 2, 2021, 11:06 a.m.
  • Length: 9:42

All games in this series

Show
View Real Time Build Order
Export as new Build Order

AqueroN Terran 

Build Orders:  

Get SALT Encoding   

  12  0:00  SCV  
  13  0:12  SCV  
  14  0:16  Supply Depot  
  14  0:24  SCV  
  14  0:27  Refinery  
  15  0:38  SCV  
  16  0:44  Barracks  
  16  0:50  SCV  
  17  1:02  SCV  
  18  1:14  SCV  
  19  1:30  Orbital Command  
  19  1:31  Marine  
  19  1:32  Factory  
  20  1:50  Barracks Reactor  
  20  1:55  Command Center  
  20  1:59  SCV  
  21  2:06  Supply Depot  
  21  2:11  SCV  
  22  2:23  SCV  
  23  2:30  Hellion x2  
  23  2:31  Starport  
  23  2:36  Supply Depot  
  27  2:43  Barracks Tech Lab  
  27  2:47  Refinery  
  28  2:53  Widow Mine x2  
  28  2:58  SCV  
  32  3:08  Orbital Command  
  32  3:10  SCV  
  32  3:11  Marine  
  33  3:22  Medivac, SCV  
  33  3:26  Hellion  
  34  3:27  Hellion  
  34  3:33  SCV  
  37  3:34  SCV  
  38  3:44  Supply Depot  
  38  3:45  SCV  
  38  3:46  SCV  
  40  3:52  Viking  
  40  3:54  Stimpack  
  42  3:58  SCV x2  
  44  4:06  Barracks  
  44  4:09  Barracks  
  44  4:11  SCV  
  44  4:12  SCV  
  46  4:20  Factory Reactor  
  46  4:21  Supply Depot  
  46  4:24  SCV x2  
  48  4:32  Supply Depot, Marine  
  48  4:36  SCV  
  48  4:37  SCV, Starport Reactor  
  51  4:42  Engineering Bay  
  51  4:48  SCV  
  51  4:49  SCV  
  51  4:50  Marine  
  54  4:54  Supply Depot  
  54  4:57  Marine x2  
  56  5:00  SCV  
  56  5:01  SCV  
  56  5:04  Marine x2  
  60  5:07  Factory Tech Lab  
  60  5:09  Barracks  
  60  5:10  Terran Infantry Weapons Level 1  
  60  5:11  Barracks  
  60  5:15  Medivac  
  60  5:16  Medivac  
  60  5:17  Marine  
  60  5:18  Marine  
  66  5:23  SCV x2  
  66  5:28  Marine x3  
  68  5:33  Refinery, Siege Tank  
  74  5:37  Marine x2  
  76  5:43  Supply Depot  
  76  5:44  Refinery  
  76  5:49  Marine x2  
  78  5:52  Combat Shield  
  78  5:53  SCV x2  
  80  5:59  Marine x2  
  80  6:01  Marine x3  
  85  6:04  Supply Depot  
  85  6:09  Siege Tank  
  88  6:12  SCV x2  
  88  6:18  Marine x3  
  91  6:19  Marine  
  91  6:22  Supply Depot  
  94  6:25  Supply Depot  
  94  6:26  Medivac  
  96  6:33  Supply Depot, Barracks Reactor x2  
  96  6:36  Medivac  
  96  6:37  Marine x2  
  96  6:39  Marine  
  101  6:45  Marine  
  102  6:49  Marine  
  103  6:55  Marine x2  
  103  6:57  Siege Tank, Marine  
  109  7:02  Medivac  
  109  7:03  Marine  
  109  7:07  Marine  
  113  7:12  Marine x3  
  113  7:13  Marine x3  
  113  7:15  Marine  
  120  7:21  Marine  
  121  7:25  Marine  
  122  7:30  Marine x3  
  122  7:31  Marine  
  122  7:36  Supply Depot x2, Terran Infantry Armor Level 1  
  122  7:37  Marine  
  126  7:50  Marine x2  
  126  7:55  Marine x2  
  126  7:56  Marine  
  126  7:57  Marine x2  
  128  7:59  Marine x2  
  126  8:07  Marine x2  
  125  8:13  Siege Tank, Marine x2  
  125  8:14  Marine  
  125  8:15  Marine x2  
  125  8:16  Marine x2  
  135  8:21  Liberator  
  135  8:26  Liberator  
  141  8:29  Marine x2  
  141  8:31  Marine  
  142  8:49  Marine x2  
  142  8:54  Marine x2  
  142  8:56  Marine x3  
  142  8:58  Marine  
  142  9:05  Marine  
  142  9:07  Marine  
  138  9:13  Marine x2  
  141  9:18  Marine  
  141  9:19  Marine x4  
  141  9:20  Supply Depot  
  141  9:21  Supply Depot  
Show
View Real Time Build Order
Export as new Build Order

Serral Zerg - Winner!

Build Orders: Pool First 

Get SALT Encoding   

  12  0:00  Drone  
  13  0:12  Overlord  
  13  0:16  Drone  
  14  0:30  Drone x2  
  14  0:34  Drone  
  17  0:44  Drone, Extractor  
  17  0:48  Spawning Pool  
  16  0:55  Drone  
  17  1:06  Drone  
  18  1:16  Hatchery  
  17  1:20  Drone  
  18  1:35  Queen  
  18  1:36  Zergling x2  
  18  1:39  Zergling x2  
  22  1:45  Metabolic Boost  
  22  1:52  Overlord  
  22  2:10  Drone x2, Queen  
  26  2:21  Drone  
  27  2:31  Drone, Queen  
  27  2:35  Drone  
  31  2:42  Drone x4  
  35  2:44  Drone  
  35  2:47  Pneumatized Carapace  
  36  2:51  Overlord  
  36  3:05  Hatchery  
  36  3:10  Drone  
  36  3:15  Zergling x2  
  36  3:16  Evolution Chamber  
  36  3:17  Zergling x2  
  35  3:22  Zergling x2  
  35  3:25  Drone  
  38  3:32  Drone x2  
  40  3:38  Overlord  
  40  3:39  Drone  
  41  3:43  Drone x2  
  43  3:52  Drone  
  44  3:56  Queen x2  
  44  4:00  Drone x2  
  44  4:01  Drone  
  51  4:03  Drone  
  51  4:06  Overlord  
  51  4:09  Overlord  
  52  4:16  Baneling Nest  
  51  4:18  Queen  
  51  4:22  Zergling x4  
  55  4:29  Zergling x2  
  57  4:32  Drone x3  
  57  4:34  Drone x2  
  62  4:39  Drone, Queen  
  62  4:42  Drone  
  65  4:46  Drone  
  65  4:48  Lair  
  65  4:50  Overlord  
  66  4:52  Overlord  
  66  5:01  Spore Crawler, Overlord  
  66  5:02  Drone  
  66  5:10  Drone x8  
  66  5:11  Extractor  
  73  5:15  Drone x4  
  73  5:18  Overlord  
  73  5:20  Drone  
  78  5:23  Extractor  
  78  5:24  Extractor  
  78  5:25  Zergling x4  
  78  5:27  Overlord  
  78  5:28  Drone  
  78  5:33  Drone x2  
  78  5:34  Drone  
  82  5:39  Drone  
  82  5:41  Drone  
  85  5:42  Drone  
  85  5:43  Drone  
  85  5:46  Centrifugal Hooks  
  85  5:47  Drone, Overseer, Evolution Chamber  
  85  5:48  Evolution Chamber  
  85  5:51  Drone x3  
  85  5:53  Zergling x2  
  89  5:58  Zergling x10  
  94  6:05  Overlord  
  94  6:09  Baneling x7  
  94  6:10  Baneling  
  94  6:11  Zergling x8  
  97  6:13  Baneling  
  97  6:14  Baneling x3  
  97  6:20  Hatchery  
  97  6:24  Zergling x10  
  101  6:31  Queen  
  101  6:32  Queen  
  103  6:36  Queen  
  103  6:37  Overseer  
  103  6:39  Spore Crawler  
  104  6:44  Zergling x4  
  106  6:50  Overlord  
  106  6:53  Zerg Melee Weapons Level 1, Overlord  
  106  6:54  Zerg Ground Armor Level 1, Overlord  
  105  7:01  Zergling x2  
  106  7:08  Queen x2  
  106  7:11  Zergling x18, Queen  
  120  7:17  Zergling x4  
  121  7:27  Zergling x6  
  121  7:31  Queen  
  121  7:34  Baneling x12  
  121  7:36  Zergling x8  
  127  7:40  Zergling x6  
  127  7:44  Queen x2  
  130  7:45  Zergling x2  
  130  7:47  Overlord x2  
  135  7:55  Queen  
  135  7:56  Zergling x4  
  136  8:00  Baneling x11  
  136  8:05  Zergling x16  
  140  8:08  Zergling x6  
  140  8:11  Zergling x4  
  144  8:18  Zergling x4  
  146  8:20  Zergling x2  
  146  8:23  Zergling x2  
  146  8:24  Zergling x12  
  152  8:30  Baneling x3, Zergling x2  
  152  8:34  Overlord x2  
  152  8:37  Baneling x2  
  152  8:40  Overlord  
  128  8:58  Zergling x12  
  128  8:59  Zergling x20  
  128  9:01  Queen x2  
  145  9:02  Zergling x2  
  145  9:12  Zergling x2  
  145  9:13  Zergling x10  
  146  9:18  Zergling x12  
  152  9:26  Baneling x7  

Tags
 
Add a new tag
Caveats
  • Supply blocks, unpowered buildings, or Contaminate may cause inaccurate times.
  • Supply counts are checked every 10 seconds.